 Dungeon Crawl Stone Soup version 0.17.0-73-gb648821 (console) character file.

580 Kloppie the Shield-Bearer (level 7, -5/57 HPs)
             Began as a Minotaur Fighter on Dec 10, 2015.
             Was an Initiate of Okawaru.
             Killed by divine providence
             ... invoked by an orc priest
              (11 damage)
             ... on level 5 of the Dungeon.
             The game lasted 00:05:39 (2981 turns).

Kloppie the Shield-Bearer (Minotaur Fighter)        Turns: 2981, Time: 00:05:39

Health: -5/57      AC:  9    Str: 21    XL:     7   Next: 13%
Magic:  6/6        EV:  8    Int:  5    God:    Okawaru [......]
Gold:   228        SH: 11    Dex: 11    Spells: 0 memorised, 6 levels left

rFire  . . .     SeeInvis .     a - +0 flail
rCold  . . .     Clarity  .     b - +0 scale mail
rNeg   . . .     SustAt   .     c - +0 shield
rPois  .         Gourm    .     (helmet restricted)
rElec  .         Spirit   .     o - +1 cloak
rCorr  .         Warding  .     (no gloves)
rMut   .         Stasis   .     (no boots)
MR     .....                    (no amulet)
Stlth  ..........               (no ring)
                                (no ring)

@: not resistant to hostile enchantments, extremely unstealthy
A: retaliatory headbutt, horns 2
a: Renounce Religion


You were on level 5 of the Dungeon.
You worshipped Okawaru.
Okawaru was noncommittal.
You were not hungry.

You visited 2 branches of the dungeon, and saw 6 of its levels.

You collected 228 gold pieces.

Inventory:

Hand Weapons
 a - a +0 flail (weapon)
Armour
 b - a +0 scale mail (worn)
 c - a +0 shield (worn)
 o - a +1 cloak (worn)
Jewellery
 j - an uncursed amulet of stasis {unknown}
 z - a +3 ring of protection {unknown}
Wands
 v - a wand of disintegration (9)
 y - a wand of frost (29)
Scrolls
 g - 7 scrolls of remove curse {unknown}
 h - a scroll of fear {unknown}
 k - 2 scrolls of magic mapping {unknown}
 l - 3 scrolls of teleportation {unknown}
 p - 2 scrolls of enchant armour {unknown}
 q - 4 scrolls of identify {unknown}
 s - 2 scrolls of recharging {unknown}
 t - a scroll of fog {unknown}
 w - a scroll of amnesia {unknown}
Potions
 d - a potion of might
 f - a potion of degeneration {unknown}
 i - a potion of ambrosia {unknown}
 m - a potion of agility
 n - a potion of poison {unknown}
 r - 2 potions of brilliance {unknown}
 u - a potion of flight {unknown}
 x - 2 potions of curing {unknown}
Comestibles
 e - 3 bread rations
 A - 2 chunks of flesh


   Skills:
 - Level 3.6 Fighting
 + Level 6.8 Maces & Flails
 - Level 3.6 Armour
 + Level 7.5 Shields


You had 6 spell levels left.
You didn't know any spells.

Dungeon Overview and Level Annotations

Branches:
Dungeon (5/15)             Temple (1/1) D:4

Altars:
Ashenzari
Dithmenos
Elyvilon
Kikubaaqudgha
Makhleb
Okawaru
Qazlal
Ru
Sif Muna
Trog
Vehumet
Xom
Yredelemnul
The Shining One


Innate Abilities, Weirdness & Mutations

You reflexively headbutt those who attack you in melee.
You have a pair of horns on your head.


Message History

The orc priest suddenly seems more agile.
You hit the centaur but do no damage. Your headbutt misses the centaur.
The centaur is heavily wounded.
You block the centaur's attack. x2
You hit the centaur.
The centaur is severely wounded.
You block the centaur's attack.
The orc priest calls down the wrath of Beogh upon you.
Something smites you!
* * * LOW HITPOINT WARNING * * *
You barely miss the centaur.
The centaur is severely wounded.
The centaur barely misses you. You furiously retaliate!
You headbutt the centaur. You block the centaur's attack.
You hit the centaur.
The centaur is almost dead.
You block the centaur's attack.
The orc priest calls down the wrath of Beogh upon you.
Something smites you!
You die...

................#..#
................+..#
...............##..#
.##............##..#
+##.....##.....##..#
...<...##.....##..#
.......#..........#
##.....+..........#
#.....oc@..#
##.....##..#
".##.....#####
......†..(##..#
.........(....#
..............#
.........c....#
......[..o..$.#
..###.##..##..#


You could see a centaur and an orc priest.

Vanquished Creatures
  2 ogres (D:4)
  A phantom (D:5)
  Crazy Yiuf (D:2)
  2 hounds (D:4)
  3 worker ants
  3 orc wizards (D:4)
  3 adders
  An ooze (D:1)
  An adder skeleton (D:4)
  5 worms
  11 goblins
  7 hobgoblins
  3 jackals (D:2)
  6 kobolds
  3 quokkas (D:2)
  2 ball pythons
  3 bats
  9 giant cockroaches
  A giant gecko (D:3)
  A giant newt (D:2)
  3 rats
71 creatures vanquished.

Notes
Turn   | Place    | Note
--------------------------------------------------------------
     0 | D:1      | Kloppie the Minotaur Fighter began the quest for the Orb.
     0 | D:1      | Reached XP level 1. HP: 19/19 MP: 0/0
   196 | D:1      | Reached skill level 4 in Shields
   199 | D:1      | Reached XP level 2. HP: 26/26 MP: 1/1
   575 | D:1      | Reached XP level 3. HP: 31/31 MP: 2/2
  1094 | D:2      | Reached skill level 5 in Shields
  1253 | D:2      | Reached XP level 4. HP: 35/39 MP: 3/3
  1265 | D:2      | Noticed Crazy Yiuf
  1269 | D:2      | Killed Crazy Yiuf
  2060 | D:4      | Reached XP level 5. HP: 25/45 MP: 4/4
  2232 | D:4      | Reached skill level 5 in Maces & Flails
  2232 | D:4      | Reached skill level 6 in Shields
  2360 | D:4      | Found a radiant altar of Vehumet.
  2453 | D:4      | Noticed an ogre
  2462 | D:4      | Killed an ogre
  2462 | D:4      | Reached XP level 6. HP: 38/51 MP: 5/5
  2511 | D:4      | Noticed an ogre
  2519 | D:4      | Killed an ogre
  2519 | D:4      | Reached skill level 7 in Shields
  2678 | D:4      | Found a staircase to the Ecumenical Temple.
  2687 | Temple   | Entered the Ecumenical Temple
  2734 | Temple   | Became a worshipper of Warmaster Okawaru
  2860 | D:5      | Entered Level 5 of the Dungeon
  2958 | D:5      | Reached XP level 7. HP: 48/57 MP: 6/6
  2981 | D:5      | Killed from afar by an orc priest

Action                   |  1- 3 |  4- 6 |  7- 9 || total
-------------------------+-------+-------+-------++-------
Melee: Flail             |    90 |    86 |    11 ||   187
  Eat: Chunk             |     1 |     6 |       ||     7
